 Dungeon Crawl Stone Soup version 0.18-b1-22-ge198996 (webtiles) character file.

2822 Lovchig the Blocker (level 9, 0/79 HPs)
             Began as a Minotaur Fighter on May 3, 2016.
             Slain by an orc warrior
             ... wielding a +0 glaive
              (3 damage)
             ... in a bailey.
             The game lasted 00:21:51 (5970 turns).

Lovchig the Blocker (Minotaur Fighter)              Turns: 5970, Time: 00:21:52

Health: 0/79       AC: 19    Str: 23    XL:     9   Next: 45%
Magic:  8/8        EV:  7    Int:  5    God:
Gold:   153        SH: 12    Dex: 11    Spells: 0 memorised, 8 levels left

rFire  + + .     SeeInvis .     D - +0 long sword
rCold  . . .     Gourm    .     i - +0 plate armour
rNeg   . . .     Faith    .     c - +0 shield
rPois  .         Spirit   .     h - +2 hat
rElec  .         Dismiss  .     y - +1 cloak
rCorr  .         Reflect  .     H - +0 pair of gloves
SustAt .         Harm     .     (no boots)
MR     .....                    (no amulet)
Stlth  ..........               E - ring of wizardry
                                v - ring of flight

@: exhausted, about to teleport, slowed, very slow, not resistant to hostile
enchantments, extremely unstealthy
A: retaliatory headbutt, horns 2, fire resistance 2
a: Evoke Flight


You were in a bailey.
You were not hungry.

You visited 1 branch of the dungeon, and saw 7 of its levels.
You also visited: Bailey.

You collected 375 gold pieces.
You spent 222 gold pieces at shops.

Inventory:

Hand Weapons
 o - a +2 short sword of draining
 s - a +0 falchion
 x - a +3 quarterstaff of chaos
 D - a +0 long sword (weapon)
Armour
 c - a +0 shield (worn)
 h - a +2 hat (worn)
 i - a +0 plate armour (worn)
 y - a +1 cloak (worn)
 H - a +0 pair of gloves (worn)
Jewellery
 v - a ring of flight (left hand)
 E - a ring of wizardry (right hand)
 F - an uncursed ring of magical power
Wands
 w - a wand of polymorph (10/24)
 I - a wand of lightning (3/15)
Scrolls
 a - a scroll of magic mapping {unknown}
 g - 2 scrolls of remove curse
 m - 3 scrolls of recharging
Potions
 b - a potion of haste
 k - a potion of resistance
 l - 2 potions of cure mutation
 p - 2 potions of brilliance
 z - a potion of ambrosia
 A - a potion of agility
Comestibles
 f - 3 bread rations
 t - 2 beef jerkies
 u - 2 slices of pizza


   Skills:
 * Level 7.3 Fighting
 * Level 7.1 Long Blades
 * Level 7.9 Armour
 * Level 4.6 Dodging
 + Level 0.1 Stealth
 * Level 9.7 Shields


You had 8 spell levels left.
You didn't know any spells.

Dungeon Overview and Level Annotations

Branches:
Dungeon (7/15)
 Temple: D:4-7

Altars:
Dithmenos
Okawaru
Qazlal
Vehumet

Shops:
D:4 *   D:6 *


Innate Abilities, Weirdness & Mutations

You reflexively headbutt those who attack you in melee.
You have a pair of horns on your head.
Your flesh is very heat resistant.


Message History

You hit the centaur.
You kill the centaur!
The orc warrior hits you with a glaive.
* * * LOW HITPOINT WARNING * * *
The orc hits you but does no damage. You block the orc warrior's attack.
The orc warrior hits you with a glaive!
* * * LOW HITPOINT WARNING * * *
Drink which item? (? for menu, Esc to quit)
You feel better. The orc hits you but does no damage.
The orc warrior hits you from afar with a glaive!
* * * LOW HITPOINT WARNING * * *
The orc warrior hits you but does no damage.
You block the orc warrior's attack.
Items here: ( ) [ † a javelin of returning; a trident; a ring mail; an orc corpse Read which item? (? for menu, Esc to quit)
As you read the scroll of teleportation, it crumbles to dust.
You feel strangely unstable.
The orc warrior hits you from afar with a glaive.
You die...

≈≈.≈≈.⌠..≈≈≈≈≈.
≈≈.≈.....≈≈≈≈≈.
≈.≈≈....≈≈≈≈≈≈≈.
≈.≈....(≈≈≈≈≈≈≈.
≈.≈....)≈≈≈?≈≈≈..
≈.≈....o≈≈≈=≈≈≈..
≈.≈...oo≈≈≈}≈≈≈..
≈o≈....)≈≈≈≈≈≈≈o..
≈o≈≈...@≈≈≈≈≈≈≈...
≈≈c≈....(≈≈≈≈≈....
≈≈.≈≈.⌠..≈≈≈≈≈..⌠.
≈≈≈.≈...(.≈≈≈.....
≈≈≈.≈≈≈.........≈≈
≈≈≈≈..≈≈≈.....≈≈≈.
≈≈≈≈≈≈.c≈#...#≈..
≈≈≈≈≈≈≈≈.#...# ≈≈
≈≈≈≈≈≈≈≈#...# ≈


You could see 3 orc warriors, 2 centaurs and 2 orcs.

Vanquished Creatures
  The ghost of Zleub the Charmwright, a novice DrSk (D:4)
  Duvessa (D:4)
  An ice beast (D:6)
  6 orc warriors (Bailey)
  5 centaurs
  An ogre (D:6)
  Blork the orc (D:4)
  2 giant frogs (D:6)
  Dowan (D:4)
  A scorpion (D:6)
  A water moccasin skeleton (D:6)
  5 killer bees (D:6)
  A giant frog zombie (D:4)
  4 hounds
  A jelly (D:5)
  Crazy Yiuf (D:4)
  2 orc priests
  2 orc wizards
  5 worker ants
  A hound zombie (D:6)
  7 adders
  4 gnolls
  A shadow imp (D:6)
  2 oozes
  2 adder skeletons
  2 dart slugs (D:2)
  3 giant geckos
  36 orcs
  A ball python (D:4)
  5 bats
  4 giant cockroaches
  7 hobgoblins
  4 jackals (D:6)
  3 quokkas
  6 giant newts
  6 goblins
  5 kobolds
  3 rats
144 creatures vanquished.

Vanquished Creatures (others)
  An orc (D:4)
1 creature vanquished.

Grand Total: 145 creatures vanquished

Notes
Turn   | Place    | Note
--------------------------------------------------------------
     0 | D:1      | Lovchig the Minotaur Fighter began the quest for the Orb.
     0 | D:1      | Reached XP level 1. HP: 19/19 MP: 0/0
   204 | D:1      | Reached XP level 2. HP: 26/27 MP: 1/1
   655 | D:2      | Found a stormy altar of Qazlal.
   755 | D:2      | Reached XP level 3. HP: 32/34 MP: 2/2
  1010 | D:2      | Reached skill level 4 in Shields
  1428 | D:3      | Reached XP level 4. HP: 41/41 MP: 3/3
  1934 | D:4      | Found Coera's Commerce Corner.
  1937 | D:4      | Noticed Duvessa
  1939 | D:4      | Bought 2 potions of curing for 72 gold pieces
  1941 | D:4      | Noticed Dowan
  1951 | D:4      | Killed Duvessa
  1951 | D:4      | Reached skill level 5 in Armour
  1951 | D:4      | Reached skill level 1 in Dodging
  1951 | D:4      | Reached skill level 5 in Shields
  1951 | D:4      | Reached XP level 5. HP: 41/47 MP: 4/4
  1960 | D:4      | Killed Dowan
  2095 | D:4      | Reached XP level 6. HP: 44/53 MP: 5/5
  2251 | D:4      | Reached skill level 5 in Fighting
  2357 | D:4      | Noticed Blork the orc
  2368 | D:4      | Killed Blork the orc
  2427 | D:4      | Noticed Zleub's ghost (novice DrSk)
  2450 | D:4      | Killed Zleub's ghost
  2450 | D:4      | Reached skill level 6 in Shields
  2450 | D:4      | Reached XP level 7. HP: 43/61 MP: 6/6
  3072 | D:4      | Noticed Crazy Yiuf
  3098 | D:4      | Killed Crazy Yiuf
  3327 | D:5      | Entered Level 5 of the Dungeon
  3349 | D:5      | Found a stormy altar of Qazlal.
  3350 | D:5      | Found a radiant altar of Vehumet.
  3765 | D:5      | Got a translucent leather armour
  3776 | D:5      | Identified the +3 leather armour of the Flute {rElec rC+ Str-2} (You found it on level 5 of the Dungeon)
  3941 | D:5      | Found a shadowy altar of Dithmenos.
  3949 | D:5      | Reached skill level 5 in Long Blades
  3949 | D:5      | Reached XP level 8. HP: 67/70 MP: 7/7
  4205 | D:6      | Reached skill level 7 in Shields
  4246 | D:6      | Found Jeoppo's Assorted Antiques.
  4328 | D:6      | Bought a potion of curing for 75 gold pieces
  4328 | D:6      | Bought a potion of curing for 75 gold pieces
  4589 | D:6      | Gained mutation: Your flesh is heat resistant. [potion of mutation]
  4589 | D:6      | Gained mutation: Your flesh is very heat resistant. [potion of mutation]
  4703 | D:6      | Found an iron altar of Okawaru.
  4849 | D:6      | Reached skill level 8 in Shields
  4975 | D:6      | Reached XP level 9. HP: 48/78 MP: 8/8
  5148 | D:7      | Found a flagged portal.
  5160 | Bailey   | Entered a bailey
  5360 | Bailey   | Reached skill level 9 in Shields
  5956 | Bailey   | HP: 5/118 [centaur/trident (5)]
  5968 | Bailey   | HP: 2/79 [orc warrior/glaive (16)]
  5970 | Bailey   | Slain by an orc warrior

Skill      XL: |  1  2  3  4  5  6  7  8  9 |
---------------+----------------------------+-----
Fighting       | 4 5 6 7 |  7.3
Armour         | 4 5 6 7 |  7.9
Shields        | 4 5 6 8 9 |  9.7
Long Blades    | 3 4 5 6 7 |  7.1
Dodging        | 1 2 3 4 |  4.6
Stealth        | |  0.1

Action                   |  1- 3 |  4- 6 |  7- 9 || total
-------------------------+-------+-------+-------++-------
Melee: Long sword        |   109 |     3 |   230 ||   342
       Headbutt          |    14 |    26 |    59 ||    99
       Falchion          |       |   110 |   117 ||   227
       Unarmed           |       |       |    18 ||    18
  Use: Scroll            |     4 |     9 |     6 ||    19
       Potion            |       |       |    11 ||    11
 Stab: Invisible         |       |       |     1 ||     1
  Eat: Bread ration      |       |     1 |     3 ||     4
Armor: Plate armour      |    71 |    61 |   319 ||   451
       Scale mail        |     2 |       |       ||     2
Dodge: Dodged            |    17 |    23 |   155 ||   195
Block: Shield            |    50 |    58 |   376 ||   484
